 Dungeon Crawl Stone Soup version 0.25.1-1-g288607f5aa (webtiles) character file.

Game seed: 3645939915770892337

6759 H0rd4k the Martial Artist (level 11, -15/69 HPs)
             Began as an Octopode Transmuter on July 22, 2020.
             Was an Initiate of Gozag.
             Demolished by a two-headed ogre
             ... wielding a +0 giant club
              (31 damage)
             ... on level 9 of the Dungeon.
             The game lasted 00:31:06 (10966 turns).

H0rd4k the Martial Artist (Octopode Transmuter)    Turns: 10966, Time: 00:31:07

Health: -15/69     AC:  1    Str: 17    XL:     11   Next: 4%
Magic:  20/20      EV: 15    Int: 24    God:    Gozag
Gold:   1618       SH:  0    Dex: 12    Spells: 12/23 levels left

rFire    . . .     SeeInvis .     - Unarmed
rCold    . . .     Gourm    .   (no shield)
rNeg     . . .     Faith    .   (helmet restricted)
rPois    .         Spirit   .   n - amulet of regeneration
rElec    .         Reflect  .   u - +6 ring of strength
rCorr    .         Harm     .   m - +6 ring of intelligence
MR       .....                  (no ring)
Stlth    ++++......             (no ring)
HPRegen  0.61/turn              (no ring)
MPRegen  0.17/turn              (no ring)
                                (no ring)
                                (no ring)

@: no status effects
A: almost no armour, stealthy swim, amphibious, 8 rings, constrict 8, camouflage
1, gelatinous body 1
a: Potion Petition, Call Merchant, Bribe Branch, Renounce Religion


You were on level 9 of the Dungeon.
You worshipped Gozag.
Gozag was most pleased with you.
You were not hungry.

You visited 2 branches of the dungeon, and saw 11 of its levels.
You also visited: Sewer and Ossuary.

You collected 1741 gold pieces.
You paid 123 gold pieces to Gozag.

Inventory:

Missiles
 a - 100 arrows
 E - 56 poisoned darts (quivered)
Jewellery
 m - a +6 ring of intelligence (right tentacle)
 n - an amulet of regeneration (around mantle)
 u - a +6 ring of strength (left tentacle)
Wands
 q - a wand of paralysis (2)
 C - a wand of clouds (4)
 I - a wand of flame (33)
Scrolls
 d - a scroll of blinking {unknown}
 e - 3 scrolls of teleportation
 g - a scroll of magic mapping {unknown}
 i - 3 scrolls of remove curse
 l - 3 scrolls of random uselessness {unknown}
 o - 2 scrolls of amnesia {unknown}
 r - 2 scrolls of fog {unknown}
 x - 2 scrolls of enchant armour {unknown}
 y - a scroll of enchant weapon {unknown}
 D - a scroll of summoning {unknown}
 G - a scroll of fear {unknown}
 H - a scroll of noise {unknown}
Potions
 f - 4 potions of stabbing
 h - 3 potions of haste
 j - 8 potions of heal wounds
 k - a potion of resistance
 p - 4 potions of mutation
 s - a potion of flight {unknown}
 t - a potion of berserk rage {unknown}
 v - a potion of degeneration {unknown}
 w - a potion of magic
 z - 2 potions of might {unknown}
 A - 4 potions of lignification
 B - 11 potions of curing {unknown}
 F - 4 potions of brilliance {unknown}
Comestibles
 c - 11 rations


   Skills:
 * Level 4.3 Fighting
 + Level 1.8 Throwing
 + Level 4.9 Dodging
 + Level 7.2 Stealth
 * Level 10.6 Unarmed Combat
 + Level 6.5 Spellcasting
 + Level 6.7 Transmutations
 + Level 2.9 Poison Magic
 + Level 1.2 Evocations


You had 12 spell levels left.
You knew the following spells:

 Your Spells              Type           Power        Failure   Level  Hunger
a - Beastly Appendage     Tmut           #####.       1%          1    None
b - Sticks to Snakes      Tmut           #####...     1%          2    None
c - Spider Form           Tmut/Pois      ####......   3%          3    None
d - Blade Hands           Tmut           #####.....   13%         5    #####..

Your spell library contained the following spells:

 Spells                   Type           Power        Failure   Level  Hunger
 Passwall                 Tmut/Erth      ###.....     2%          2    None
 Magic Dart               Conj           #...         8%          1    None
 Sandblast                Erth           #.....       8%          1    None
 Blink                    Tloc           N/A          12%         2    None
 Call Imp                 Summ           #.......     12%         2    None
 Slow                     Hex            #.......     12%         2    None
 Mephitic Cloud           Conj/Pois/Air  ##......     16%         3    None
 Ice Form                 Ice/Tmut       ###.....     19%         4    ###....
 Petrify                  Tmut/Erth      ###.....     19%         4    ###....
 Conjure Flame            Conj/Fire      #.......     22%         3    None
 Stone Arrow              Conj/Erth      #.....       22%         3    None
 Lee's Rapid Deconstruct  Erth           #.........   91%         5    #####..


Dungeon Overview and Level Annotations

Branches:
Dungeon (10/15)            Temple (1/1) D:6            Lair (0/6) D:8
    Orc (0/2) D:9           Sewer (visited)         Ossuary (visited)

Altars:
Ashenzari
Dithmenos
Fedhas
Gozag
Kikubaaqudgha
Okawaru
Qazlal
Sif Muna
Wu Jian
Zin
The Shining One

Shops:
D:4 [?(

Annotations:
D:2 1 runed translucent door, exclusions: door and 1 more exclusion, Crazy Yiuf
D:4 exclusion: 2 downstairs, Edmund
D:5 exclusion: downstairs
D:6 exclusions: ooze and sky beast, Maggie
D:10 exclusions: killer bee and upstairs


Innate Abilities, Weirdness & Mutations

You cannot wear most types of armour.
You are very stealthy in the water. (Stealth+)
You are amphibious.
You can wear up to eight rings at the same time.
You can use your tentacles to constrict eight enemies at once.
Your skin changes colour to match your surroundings (Stealth+).
Your rubbery body absorbs attacks. (AC +1, EV +1)


Message History

The hound zombie is no longer distracted by gold.
You tentacle-slap the hound zombie. You grab the hound zombie.
You pierce the hound zombie.
Your squeeze misses the hound zombie.
The hound zombie is moderately damaged.
You constrict the hound zombie. The hound zombie completely misses you.
The hound zombie bites you.
You release your grip on the hound zombie.
The two-headed ogre hits you with a +0 giant club!
The two-headed ogre hits you with a cursed +0 giant spiked club!!
* * * LOW HITPOINT WARNING * * *
Your transformation is almost over.
Your tentacle spike disappears.
A centaur comes into view.
A sky beast comes into view.
There is a stone staircase leading up here.
The two-headed ogre hits you with a +0 giant club!!
* * * LOW HITPOINT WARNING * * *
The two-headed ogre hits you with a cursed +0 giant spiked club!!
You die...
Your body crumbles into a pile of gold.

# #..##### .#
#......# #.# #.####.#
#.# ...#.# #.#
...#######.#.# #.###
............># ....
#######.###..####.##
###.#@O........#
#...###..####..#.#
####.#...#..........#
.....#.#.##.#########
#................#
#.####.#.#.......# #.
#.#.######### #
#...........##
#.#.#######..#######


You could see a two-headed ogre.

Vanquished Creatures
  Pikel (D:5)
  Sigmund (D:4)
  A wyvern (D:8)
  A wraith (D:9)
  A basilisk (D:8)
  2 hungry ghosts (D:9)
  Duvessa (D:5)
  2 water moccasins
  3 porcupines (D:8)
  5 sky beasts
  4 black bears
  An orc warrior (D:7)
  2 wolves (D:8)
  A necrophage (D:8)
  2 centaurs
  4 ogres
  A crocodile (D:8)
  3 big kobolds
  6 bullfrogs
  A gnoll sergeant (D:6)
  A troll zombie (D:9)
  3 scorpions
  Dowan (D:5)
  5 bullfrog zombies
  4 crimson imps
  6 jellies
  A quasit (D:7)
  6 hounds
  8 orc wizards
  6 orc priests
  2 bullfrog skeletons
  3 iguanas
  Natasha (thrice) (D:2)
  11 worker ants
  A big kobold zombie (Ossuary)
  5 ogre zombies (D:9)
  2 hound skeletons
  8 mummies (Ossuary)
  A howler monkey zombie (D:7)
  A worker ant zombie (D:5)
  Robin (D:4)
  6 gnolls
  7 adders
  8 river rats (Sewer)
  7 oozes
  3 worms
  4 dart slugs
  2 leopard geckos
  26 orcs
  10 bats
  7 giant cockroaches
  19 goblins
  16 hobgoblins
  11 jackals
  28 kobolds
  7 quokkas
  10 ball pythons
  8 frilled lizards
  2 goblin zombies (D:9)
  3 hobgoblin skeletons (D:9)
  4 hobgoblin zombies (D:9)
  3 kobold zombies (Ossuary)
  2 orc skeletons (D:9)
  14 orc zombies
  A quokka zombie (D:4)
  21 rats
351 creatures vanquished.

Vanquished Creatures (collateral kills)
  An adder (D:5)
1 creature vanquished.

Vanquished Creatures (others)
  2 orc wizards
  A jackal (D:5)
  A frilled lizard (D:5)
  A fungus (D:8)
  A plant (D:8)
  5 toadstools (D:6)
11 creatures vanquished.

Grand Total: 363 creatures vanquished

Notes
Turn   | Place    | Note
-------+----------+-------------------------------------------
     0 | D:1      | H0rd4k the Octopode Transmuter began the quest for the Orb.
     0 | D:1      | Reached XP level 1. HP: 13/13 MP: 3/3
   195 | D:1      | Reached XP level 2. HP: 18/18 MP: 5/5
   858 | D:1      | Reached XP level 3. HP: 23/23 MP: 6/6
  1704 | D:2      | Noticed Natasha
  1709 | D:2      | Killed Natasha
  1709 | D:2      | Reached skill level 1 in Stealth
  1709 | D:2      | Reached skill level 4 in Unarmed Combat
  1709 | D:2      | Reached XP level 4. HP: 17/28 MP: 5/7
  1713 | D:2      | Learned a level 2 spell: Sticks to Snakes
  1717 | D:2      | Learned a level 3 spell: Spider Form
  2034 | D:2      | Noticed Natasha
  2043 | D:2      | Killed Natasha
  2061 | D:2      | Found a runed translucent door.
  2062 | D:2      | Noticed Crazy Yiuf
  2074 | D:2      | Found a glowing silver altar of Zin.
  2347 | D:2      | Noticed Natasha
  2360 | D:2      | Killed Natasha
  2360 | D:2      | Reached XP level 5. HP: 18/33 MP: 8/8
  2761 | D:3      | Reached XP level 6. HP: 23/38 MP: 10/10
  2857 | D:3      | Found an ornate altar of the Wu Jian Council.
  3492 | D:4      | Found a blossoming altar of Fedhas.
  3535 | D:4      | Reached skill level 5 in Unarmed Combat
  3563 | D:4      | Found Rufi's Antique Armour Shop.
  3593 | D:4      | Reached XP level 7. HP: 24/44 MP: 10/12
  3837 | D:4      | Noticed Sigmund
  3898 | D:4      | Noticed Robin
  3924 | D:4      | Killed Robin
  3927 | D:4      | Found Zavax's Weapon Shoppe.
  3974 | D:4      | Noticed Edmund
  4113 | D:4      | Killed Sigmund
  4159 | D:4      | Found Adien's Magic Scroll Boutique.
  4328 | D:5      | Entered Level 5 of the Dungeon
  4328 | D:5      | Noticed Pikel
  4408 | D:5      | Reached XP level 8. HP: 41/50 MP: 12/14
  4480 | D:5      | Reached skill level 6 in Unarmed Combat
  4676 | D:5      | Killed Pikel
  4676 | D:5      | Reached skill level 1 in Throwing
  4676 | D:5      | Reached skill level 5 in Stealth
  4738 | D:5      | Reached skill level 5 in Transmutations
  5034 | D:5      | Noticed Dowan
  5036 | D:5      | Noticed Duvessa
  5204 | D:5      | Reached skill level 5 in Spellcasting
  5205 | D:5      | Killed Dowan
  5240 | D:5      | Killed Duvessa
  5240 | D:5      | Reached XP level 9. HP: 54/54 MP: 9/16
  5337 | D:5      | Found a shadowy altar of Dithmenos.
  5831 | D:6      | Found a glowing drain.
  5854 | Sewer    | Entered a sewer
  5926 | Sewer    | Reached skill level 7 in Unarmed Combat
  6583 | D:6      | Found a staircase to the Ecumenical Temple.
  6613 | Temple   | Entered the Ecumenical Temple
  6627 | Temple   | Became a worshipper of Gozag Ym Sagoz the Greedy
  7041 | D:6      | Noticed Maggie
  7317 | D:6      | Found a shattered altar of Ashenzari.
  7576 | D:8      | Learned a level 5 spell: Blade Hands
  7604 | D:8      | Found a glowing golden altar of the Shining One.
  7659 | D:8      | Reached skill level 8 in Unarmed Combat
  7719 | D:8      | Reached skill level 1 in Poison Magic
  7744 | D:8      | Found a sand-covered staircase.
  7752 | Ossuary  | Entered an ossuary
  7814 | Ossuary  | Reached XP level 10. HP: 52/63 MP: 19/19
  8524 | D:8      | Reached skill level 9 in Unarmed Combat
  8819 | D:7      | Found an ancient bone altar of Kikubaaqudgha.
  9122 | D:7      | Found an iron altar of Okawaru.
  9734 | D:8      | Found a staircase to the Lair.
  9880 | D:8      | Found a shattered altar of Ashenzari.
  9966 | D:8      | Reached skill level 10 in Unarmed Combat
 10407 | D:9      | Reached skill level 1 in Evocations
 10523 | D:9      | Found a staircase to the Orcish Mines.
 10573 | D:9      | Reached XP level 11. HP: 62/69 MP: 18/20
 10755 | D:10     | Entered Level 10 of the Dungeon
 10890 | D:9      | Noticed a two-headed ogre
 10966 | D:9      | Demolished by a two-headed ogre

Illustrated notes

Levels and vault maps discovered:
D:1:      dpeg_arrival_court, layout_rooms
D:2:      cheibrodos_greedy_goblins, layout_basic, zin_statuary, first_ration,
          uniq_natasha, uniq_crazy_yiuf_cottage
D:3:      cheibrodos_pilgrimage, layout_loops_cross, lemuel_doored_altar,
          lemuel_flame_loot_1
D:4:      layout_loops_cross, fedhas_bush_and_centaur_altar, serial_shops, shop,
          kennysheep_mini_moat, shop, uniq_edmund, uniq_robin, uniq_sigmund
D:5:      layout_layer_cave, hangedman_decor_peaks_small,
          grunt_dithmenos_smoke_and_mirrors, uniq_pikel, uniq_duvessa
D:6:      cheibrodos_fertilizer, layout_rooms, minmay_temple_entry_overgrown,
          basic_altar, cheibrodos_sewer_entry_sluice, serial_bayou_crossing,
          uniq_maggie
D:7:      layout_cave_pools, okawaru_ov_weapons_minmay, basic_altar
D:8:      layout_loops_ring, lemuel_coloured_pillars_altar, tso_oasis_becter,
          minmay_lair_entry_grove, enter_ossuary_5,
          hangedman_little_slice_of_home
D:9:      layout_basic, zombieorc2_lemuel, minmay_alternating_orb
D:10:     layout_rooms
Temple:   nicolae_temple_elliptical

Skill      XL: |  1  2  3  4  5  6  7  8  9 10 |
---------------+-------------------------------+-----
Stealth        | 1 2 3 4 5 6 7 |  7.2
Unarmed Combat | 4 5 6 8 10 | 10.6
Spellcasting   | 3 4 5 6 |  6.5
Transmutations | 3 4 5 6 |  6.7
Fighting       | 2 3 4 |  4.3
Dodging        | 3 4 |  4.9
Throwing       | 1 |  1.8
Poison Magic   | 1 2 |  2.9
Evocations     | 1 |  1.2

Action                   |  1- 3 |  4- 6 |  7- 9 | 10-12 || total
-------------------------+-------+-------+-------+-------++-------
Melee: Unarmed           |    83 |   155 |   325 |   305 ||   868
       Constrict         |    23 |    40 |    75 |    56 ||   194
       Tentacles         |     7 |    24 |    56 |    61 ||   148
       Punch             |     3 |     7 |    11 |    24 ||    45
       Kick              |     3 |    33 |    91 |    88 ||   215
Throw: Dart              |       |       |    28 |     6 ||    34
 Cast: Beastly Appendage |     2 |    20 |    49 |    35 ||   106
       Spider Form       |       |     1 |     3 |     4 ||     8
       Sticks to Snakes  |       |       |    13 |       ||    13
       Blade Hands       |       |       |       |     1 ||     1
Evoke: Wand              |       |       |     9 |    10 ||    19
  Use: Potion            |       |     1 |     1 |     2 ||     4
       Scroll            |       |       |     5 |     5 ||    10
 Stab: Sleeping          |     5 |     8 |    15 |     5 ||    33
       Distracted        |     1 |       |     1 |     6 ||     8
       Paralysed         |       |       |    13 |     2 ||    15
  Eat: Chunk             |     1 |     8 |    11 |       ||    20
       Ration            |       |       |     1 |     4 ||     5
Armor: Skin              |     8 |    10 |    15 |    14 ||    47
Dodge: Dodged            |    46 |    78 |   195 |   157 ||   476
